| TOP OF THE 1ST |
|
Arkansas Travelers batting - Pitching for Jackson Generals : RHP Devon Washington
|
|
Pitching: RHP Devon Washington
|
|
|
Batting: RHB Ricky Mejicanos
|
0-0: Foul Ball, location: 2F 0-1: Called Strike 0-2: Hit by Pitch
|
|
Batting: RHB Juan Montez
|
0-0: Called Strike 0-1: Grounds into double play, 6-4-3 (Groundball, 6, EV 81.9 MPH)
|
|
Batting: RHB Kyler Seitz
|
0-0: Ball 1-0: Called Strike 1-1: Ground out U3 (Groundball, 34, EV 107.5 MPH)
|
| Top of the 1st over - 0 runs, 0 hits, 0 errors, 0 left on base; Arkansas 0 - Jackson 0 |
| BOTTOM OF THE 1ST |
|
Jackson Generals batting - Pitching for Arkansas Travelers : RHP Josh Brewer
|
|
Pitching: RHP Josh Brewer
|
|
|
Batting: RHB Mike Conaway
|
0-0: Ball 1-0: DOUBLE (Line Drive, 89M, EV 100.6 MPH)
|
|
Batting: RHB Adan Lake
|
0-0: Ball 1-0: Ground out 5-3 (Groundball, 5, EV 89.4 MPH)
|
|
Batting: RHB Kinzo Yokoyama
|
0-0: Ball 1-0: Called Strike 1-1: Foul Ball, location: 2F 1-2: Ball 2-2: Ground out 5-3 (Groundball, 56S, EV 81.9 MPH)
|
|
Batting: LHB Chris Jackson
|
0-0: Ball 1-0: Swinging Strike 1-1: Ball 2-1: Ground out 1-3 (Groundball, 34S, EV 70.0 MPH)
|
| Bottom of the 1st over - 0 runs, 1 hit, 0 errors, 1 left on base; Arkansas 0 - Jackson 0 |
| TOP OF THE 2ND |
|
Arkansas Travelers batting - Pitching for Jackson Generals : RHP Devon Washington
|
|
Batting: LHB Mutsuo IIda
|
0-0: Called Strike 0-1: Fly out, F9 (Flyball, 9, EV 87.5 MPH)
|
|
Batting: RHB Kinya Nishimura
|
0-0: Called Strike 0-1: Foul Ball, location: 2F 0-2: Strikes out swinging
|
|
Batting: LHB Dave Hicks
|
0-0: Called Strike 0-1: Ball 1-1: DOUBLE (Line Drive, 78M, EV 100.6 MPH)
|
|
Batting: RHB Nick Lombardo
|
0-0: Called Strike 0-1: Ball 1-1: Ball 2-1: SINGLE (Line Drive, 89M, EV 95.6 MPH) Dave Hicks to third Runner from 3rd tries for Home, SAFE, throw by CF to home
|
|
Batting: RHB T.J. Gray
|
Pickoff Play to 1st, Runner tries for 2nd, SAFE after rundown. 0-0: Ball 1-0: Foul Ball, location: 2F 1-1: Called Strike 1-2: Ball 2-2: Ball 3-2: Base on Balls
|
|
Batting: SHB Tim Connell
|
0-0: Called Strike 0-1: Foul Ball, location: 2F 0-2: Foul Ball, location: 2F 0-2: Strikes out swinging
|
| Top of the 2nd over - 1 run, 2 hits, 0 errors, 2 left on base; Arkansas 1 - Jackson 0 |
| BOTTOM OF THE 2ND |
|
Jackson Generals batting - Pitching for Arkansas Travelers : RHP Josh Brewer
|
|
Batting: SHB Brendan Bundy
|
0-0: Foul Ball, location: 2F 0-1: Swinging Strike 0-2: Strikes out looking
|
|
Batting: RHB Chris Olheiser
|
0-0: DOUBLE (Line Drive, 78D, EV 103.1 MPH)
|
|
Batting: RHB Jeff Cox
|
0-0: Ball 1-0: Ball 2-0: Ball 3-0: Called Strike 3-1: DOUBLE (Line Drive, 7LD, EV 105.0 MPH) Chris Olheiser scores
|
|
Batting: LHB Brent Dutcher
|
0-0: Called Strike 0-1: Ball 1-1: Ground out 1-3 (Groundball, 13S, EV 65.0 MPH) Jeff Cox to third
|
|
Batting: RHB Jesus Santiago
|
0-0: Ball 1-0: Ground out 4-3 (Groundball, 4, EV 108.8 MPH)
|
| Bottom of the 2nd over - 1 run, 2 hits, 0 errors, 1 left on base; Arkansas 1 - Jackson 1 |
| TOP OF THE 3RD |
|
Arkansas Travelers batting - Pitching for Jackson Generals : RHP Devon Washington
|
|
Batting: RHB Ricky Mejicanos
|
0-0: Called Strike 0-1: Ball 1-1: Swinging Strike 1-2: Strikes out swinging
|
|
Batting: RHB Juan Montez
|
0-0: SINGLE (Groundball, 34D, EV 108.1 MPH)
|
|
Batting: RHB Kyler Seitz
|
0-0: Foul Ball, location: 2F 0-1: Ball 1-1: Ball 2-1: Ball 3-1: Base on Balls Juan Montez to second
|
|
Batting: LHB Mutsuo IIda
|
0-0: Foul Ball, location: 2F 0-1: Swinging Strike 0-2: Ball 1-2: Foul Ball, location: 2F 1-2: Strikes out looking
|
|
Batting: RHB Kinya Nishimura
|
0-0: Ball 1-0: Called Strike 1-1: Called Strike 1-2: Ball 2-2: DOUBLE (Flyball, 8LXD, EV 102.5 MPH) Juan Montez scores Kyler Seitz to third Runner from 3rd tries for Home, SAFE, no throw by CF
|
|
Batting: LHB Dave Hicks
|
0-0: Ball 1-0: Ball 2-0: Ball 3-0: Called Strike 3-1: Base on Balls
|
|
Batting: RHB Nick Lombardo
|
0-0: SINGLE (Line Drive, 8LS, EV 96.9 MPH) Kinya Nishimura to third Dave Hicks to second Runner from 3rd tries for Home, SAFE, throw by CF to home
|
|
Batting: RHB T.J. Gray
|
0-0: Ball 1-0: Swinging Strike 1-1: SINGLE (Groundball, 34D, EV 94.4 MPH) Dave Hicks to third Nick Lombardo to second Runner from 3rd tries for Home, SAFE, throw by RF to home
|
|
Pitching: RHP Rickey DuMire
|
|
|
Batting: SHB Tim Connell
|
0-0: Ball 1-0: SINGLE (Groundball, 6S, EV 75.0 MPH) (infield hit) Nick Lombardo to third T.J. Gray to second
|
|
Batting: RHB Ricky Mejicanos
|
0-0: Ball 1-0: Ball 2-0: Fly out, F9 (Flyball, 9D, EV 101.2 MPH)
|
| Top of the 3rd over - 4 runs, 5 hits, 0 errors, 3 left on base; Arkansas 5 - Jackson 1 |
| BOTTOM OF THE 3RD |
|
Jackson Generals batting - Pitching for Arkansas Travelers : RHP Josh Brewer
|
|
Batting: RHB Mike Conaway
|
0-0: Ground out 4-3 (Groundball, 4, EV 77.5 MPH)
|
|
Batting: RHB Adan Lake
|
0-0: Ball 1-0: Ball 2-0: Fly out, F9 (Flyball, 89M, EV 93.1 MPH)
|
|
Batting: RHB Kinzo Yokoyama
|
0-0: Called Strike 0-1: Ball 1-1: Foul Ball, location: 2F 1-2: Ground out 5-3 (Groundball, 56, EV 93.1 MPH)
|
| Bottom of the 3rd over - 0 runs, 0 hits, 0 errors, 0 left on base; Arkansas 5 - Jackson 1 |
| TOP OF THE 4TH |
|
Arkansas Travelers batting - Pitching for Jackson Generals : RHP Rickey DuMire
|
|
Batting: RHB Juan Montez
|
0-0: Called Strike 0-1: Ball 1-1: Ground out 3-1 (Groundball, 34, EV 77.5 MPH)
|
|
Batting: RHB Kyler Seitz
|
0-0: Called Strike 0-1: Ground out 6-3 (Groundball, 6, EV 109.4 MPH)
|
|
Batting: LHB Mutsuo IIda
|
0-0: Foul Ball, location: 2F 0-1: Fly out, F7 (Flyball, 78D, EV 91.9 MPH)
|
| Top of the 4th over - 0 runs, 0 hits, 0 errors, 0 left on base; Arkansas 5 - Jackson 1 |
| BOTTOM OF THE 4TH |
|
Jackson Generals batting - Pitching for Arkansas Travelers : RHP Josh Brewer
|
|
Batting: LHB Chris Jackson
|
0-0: Ball 1-0: Ball 2-0: Ball 3-0: Called Strike 3-1: Ground out 6-3 (Groundball, 6M, EV 98.1 MPH)
|
|
Batting: SHB Brendan Bundy
|
0-0: Swinging Strike 0-1: Foul Ball, location: 2F 0-2: Ball 1-2: Foul Ball, location: 2F 1-2: Ball 2-2: Strikes out looking
|
|
Batting: RHB Chris Olheiser
|
0-0: Ball 1-0: Swinging Strike 1-1: Swinging Strike 1-2: Ball 2-2: Ball 3-2: Strikes out looking
|
| Bottom of the 4th over - 0 runs, 0 hits, 0 errors, 0 left on base; Arkansas 5 - Jackson 1 |
| TOP OF THE 5TH |
|
Arkansas Travelers batting - Pitching for Jackson Generals : RHP Rickey DuMire
|
|
Batting: RHB Kinya Nishimura
|
0-0: Ball 1-0: Called Strike 1-1: Ground out 4-3 (Groundball, 4MS, EV 82.5 MPH)
|
|
Batting: LHB Dave Hicks
|
0-0: SINGLE (Line Drive, 8RS, EV 101.9 MPH)
|
|
Batting: RHB Nick Lombardo
|
0-0: Ball 1-0: Fielders Choice at 2nd, 3-6 (Groundball, 23, EV 83.1 MPH)
|
|
Batting: RHB T.J. Gray
|
0-0: Ball 1-0: Fly out, F2 (Popup, 13S, EV 89.4 MPH)
|
| Top of the 5th over - 0 runs, 1 hit, 0 errors, 1 left on base; Arkansas 5 - Jackson 1 |
| BOTTOM OF THE 5TH |
|
Jackson Generals batting - Pitching for Arkansas Travelers : RHP Josh Brewer
|
|
Batting: RHB Jeff Cox
|
0-0: Called Strike 0-1: Foul Ball, location: 2F 0-2: Strikes out looking
|
|
Batting: LHB Brent Dutcher
|
0-0: Ball 1-0: Called Strike 1-1: Called Strike 1-2: Fly out, F7 (Flyball, 7D, EV 107.5 MPH)
|
|
Batting: RHB Jesus Santiago
|
0-0: Ball 1-0: Ball 2-0: Foul Ball, location: 2F 2-1: Called Strike 2-2: Strikes out swinging
|
| Bottom of the 5th over - 0 runs, 0 hits, 0 errors, 0 left on base; Arkansas 5 - Jackson 1 |
| TOP OF THE 6TH |
|
Arkansas Travelers batting - Pitching for Jackson Generals : RHP Rickey DuMire
|
|
Batting: SHB Tim Connell
|
0-0: Called Strike 0-1: Ball 1-1: Ball 2-1: Swinging Strike 2-2: TRIPLE (Line Drive, 9LD, EV 108.8 MPH)
|
|
Batting: RHB Ricky Mejicanos
|
0-0: Ball 1-0: Called Strike 1-1: Ball 2-1: Ground out 5-3 (Groundball, 56, EV 80.6 MPH) Tim Connell scores
|
|
Batting: RHB Juan Montez
|
0-0: Fly out, F9 (Flyball, 89M, EV 76.2 MPH)
|
|
Batting: RHB Kyler Seitz
|
0-0: Ball 1-0: Called Strike 1-1: Ball 2-1: Called Strike 2-2: Foul Ball, location: 2F 2-2: Fly out, F6 (Popup, 6, EV 64.4 MPH)
|
| Top of the 6th over - 1 run, 1 hit, 0 errors, 0 left on base; Arkansas 6 - Jackson 1 |
| BOTTOM OF THE 6TH |
|
Jackson Generals batting - Pitching for Arkansas Travelers : RHP Josh Brewer
|
|
Batting: RHB Mike Conaway
|
0-0: Called Strike 0-1: Ball 1-1: Foul Ball, location: 2F 1-2: Foul Ball, location: 2F 1-2: Foul Ball, location: 2F 1-2: Ball 2-2: Foul Ball, location: 2F 2-2: Ground out 6-3 (Groundball, 6, EV 86.9 MPH)
|
|
Batting: RHB Adan Lake
|
0-0: Ball 1-0: SINGLE (Line Drive, 56D, EV 98.1 MPH)
|
|
Batting: RHB Kinzo Yokoyama
|
0-0: Called Strike 0-1: Ball 1-1: Fly out, F9 (Flyball, 9LSF, EV 81.9 MPH)
|
|
Batting: LHB Chris Jackson
|
0-0: Ball 1-0: Ball 2-0: Ground out 4-3 (Groundball, 4, EV 103.8 MPH)
|
| Bottom of the 6th over - 0 runs, 1 hit, 0 errors, 1 left on base; Arkansas 6 - Jackson 1 |
| TOP OF THE 7TH |
|
Arkansas Travelers batting - Pitching for Jackson Generals : RHP Rickey DuMire
|
|
Batting: LHB Mutsuo IIda
|
0-0: Ball 1-0: Foul Ball, location: 2F 1-1: Ball 2-1: Ground out 6-3 (Groundball, 56, EV 100.0 MPH)
|
|
Batting: RHB Kinya Nishimura
|
0-0: Called Strike 0-1: Ball 1-1: Foul Ball, location: 2F 1-2: Ball 2-2: Ball 3-2: Fly out, F7 (Flyball, 7, EV 87.5 MPH)
|
|
Batting: LHB Dave Hicks
|
0-0: Ball 1-0: Ball 2-0: Swinging Strike 2-1: Foul Ball, location: 2F 2-2: Ground out 4-3 (Groundball, 4M, EV 86.9 MPH)
|
| Top of the 7th over - 0 runs, 0 hits, 0 errors, 0 left on base; Arkansas 6 - Jackson 1 |
| BOTTOM OF THE 7TH |
|
Jackson Generals batting - Pitching for Arkansas Travelers : RHP Josh Brewer
|
|
Batting: SHB Brendan Bundy
|
0-0: Called Strike 0-1: DOUBLE (Line Drive, 9LS, EV 109.4 MPH)
|
|
Pitching: RHP Jose Alvarado
|
|
|
Batting: RHB Chris Olheiser
|
0-0: Ball 1-0: Foul Ball, location: 2F 1-1: Ball 2-1: Ball 3-1: Ground out 5-3 (Groundball, 56, EV 91.2 MPH)
|
|
Batting: RHB Jeff Cox
|
0-0: Ball 1-0: Called Strike 1-1: Ball 2-1: Ground out 4-3 (Groundball, 4, EV 101.2 MPH) Brendan Bundy to third
|
|
Batting: LHB Brent Dutcher
|
0-0: Called Strike 0-1: Ball 1-1: Ball 2-1: SINGLE (Line Drive, 9S, EV 94.4 MPH) Brendan Bundy scores
|
|
Batting: RHB Jesus Santiago
|
0-0: Called Strike 0-1: Swinging Strike 0-2: Ball 1-2: Strikes out swinging
|
| Bottom of the 7th over - 1 run, 2 hits, 0 errors, 1 left on base; Arkansas 6 - Jackson 2 |
| TOP OF THE 8TH |
|
Arkansas Travelers batting - Pitching for Jackson Generals : RHP Rickey DuMire
|
|
Pitching: RHP Marty Maginnis
|
|
|
Batting: RHB Nick Lombardo
|
0-0: Called Strike 0-1: Ball 1-1: Fly out, F8 (Flyball, 8LM, EV 83.8 MPH)
|
|
Batting: RHB T.J. Gray
|
0-0: Foul Ball, location: 2F 0-1: Ball 1-1: Called Strike 1-2: Ball 2-2: Foul Ball, location: 2F 2-2: Ground out 3-1 (Groundball, 34S, EV 85.0 MPH)
|
|
Batting: SHB Tim Connell
|
0-0: Foul Ball, location: 2F 0-1: Ball 1-1: Ball 2-1: Ball 3-1: Swinging Strike 3-2: Base on Balls
|
|
Batting: RHB Ricky Mejicanos
|
0-0: Fielders Choice at 2nd, 5-4 (Groundball, 56, EV 78.8 MPH)
|
| Top of the 8th over - 0 runs, 0 hits, 0 errors, 1 left on base; Arkansas 6 - Jackson 2 |
| BOTTOM OF THE 8TH |
|
Jackson Generals batting - Pitching for Arkansas Travelers : RHP Jose Alvarado
|
|
Batting: RHB Mike Conaway
|
0-0: Foul Ball, location: 2F 0-1: Foul Ball, location: 2F 0-2: Foul Ball, location: 2F 0-2: SINGLE (Groundball, 25, EV 67.5 MPH) (infield hit)
|
|
Batting: RHB Adan Lake
|
0-0: Called Strike 0-1: Called Strike 0-2: Foul Ball, location: 2F 0-2: Ball 1-2: Ground out 6-3 (Groundball, 6MD, EV 76.2 MPH) Mike Conaway to second
|
|
Batting: RHB Kinzo Yokoyama
|
0-0: Ball 1-0: Ball 2-0: Called Strike 2-1: Swinging Strike 2-2: Foul Ball, location: 2F 2-2: Foul Ball, location: 2F 2-2: Fly out, F9 (Flyball, 9D, EV 108.8 MPH) Runner from 2nd tags up, SAFE at 3rd, no throw by RF
|
|
Batting: LHB Chris Jackson
|
0-0: Ball 1-0: Foul Ball, location: 2F 1-1: Fly out, F9 (Flyball, 89M, EV 93.1 MPH)
|
| Bottom of the 8th over - 0 runs, 1 hit, 0 errors, 1 left on base; Arkansas 6 - Jackson 2 |
| TOP OF THE 9TH |
|
Arkansas Travelers batting - Pitching for Jackson Generals : RHP Marty Maginnis
|
|
Batting: RHB Juan Montez
|
0-0: Called Strike 0-1: Foul Ball, location: 2F 0-2: Foul Ball, location: 2F 0-2: SINGLE (Groundball, 5D, EV 99.4 MPH)
|
|
Batting: RHB Kyler Seitz
|
0-0: Called Strike Juan Montez is caught stealing 2nd base 2-4 0-1: Ground out 6-3 (Groundball, 6, EV 90.0 MPH)
|
|
Batting: LHB Mutsuo IIda
|
0-0: SOLO HOME RUN (Flyball, 9D, EV 99.4 MPH), Distance : 398 ft
|
|
Batting: RHB Kinya Nishimura
|
0-0: Called Strike 0-1: Foul Ball, location: 2F 0-2: Ball 1-2: Ground out 4-3 (Groundball, 4S, EV 88.1 MPH)
|
| Top of the 9th over - 1 run, 2 hits, 0 errors, 0 left on base; Arkansas 7 - Jackson 2 |
| BOTTOM OF THE 9TH |
|
Jackson Generals batting - Pitching for Arkansas Travelers : RHP Jose Alvarado
|
|
Batting: SHB Brendan Bundy
|
0-0: Called Strike 0-1: Ball 1-1: Foul Ball, location: 2F 1-2: SINGLE (Line Drive, 7S, EV 97.5 MPH)
|
|
Batting: RHB Chris Olheiser
|
0-0: Ball 1-0: Foul Ball, location: 2F 1-1: Foul Ball, location: 2F 1-2: Foul Ball, location: 2F 1-2: Foul Ball, location: 2F 1-2: Ball 2-2: SINGLE (Groundball, 4MD, EV 105.0 MPH) Brendan Bundy to second
|
|
Pitching: LHP Ismael Diaz
|
|
|
Batting: RHB Jeff Cox
|
0-0: Called Strike 0-1: Called Strike 0-2: SINGLE (Groundball, 56D, EV 108.1 MPH) Brendan Bundy to third Chris Olheiser to second
|
|
Pinch Hitting: RHB Ryan Criollo
|
0-0: Ball 1-0: Swinging Strike 1-1: Ball 2-1: Ball 3-1: Called Strike 3-2: Strikes out swinging
|
|
Batting: RHB Jesus Santiago
|
0-0: Ball 1-0: Foul Ball, location: 2F 1-1: Ball 2-1: Ball 3-1: Swinging Strike 3-2: Foul Ball, location: 2F 3-2: Strikes out swinging
|
|
Batting: RHB Mike Conaway
|
0-0: SINGLE (Groundball, 56S, EV 68.8 MPH) (infield hit) Brendan Bundy scores Chris Olheiser to third Jeff Cox to second
|
|
Pitching: RHP Bartholomeu Voivodic
|
|
|
Batting: LHB Jason Kinney
|
0-0: Foul Ball, location: 2F 0-1: Ball 1-1: Called Strike 1-2: Ball 2-2: Ball 3-2: DOUBLE (Line Drive, 78D, EV 111.9 MPH) Chris Olheiser scores Jeff Cox scores Mike Conaway to third Mike Conaway scores
|
|
Batting: RHB Kinzo Yokoyama
|
0-0: SINGLE (Groundball, 6M, EV 85.0 MPH) (infield hit) Jason Kinney to third
|
|
Batting: LHB Chris Jackson
|
0-0: Ball 1-0: Ball 2-0: Ball 3-0: Base on Balls Kinzo Yokoyama to second
|
|
Batting: SHB Brendan Bundy
|
0-0: Ball 1-0: Swinging Strike 1-1: Foul Ball, location: 2F 1-2: Ball 2-2: Ball 3-2: Base on Balls Jason Kinney scores Kinzo Yokoyama to third Chris Jackson to second
|
|
Batting: RHB Chris Olheiser
|
0-0: Called Strike 0-1: Foul Ball, location: 2F 0-2: Strikes out swinging
|
| Bottom of the 9th over - 5 runs, 6 hits, 0 errors, 3 left on base; Arkansas 7 - Jackson 7 |
| TOP OF THE 10TH |
|
Arkansas Travelers batting - Pitching for Jackson Generals : RHP Marty Maginnis
|
|
Pitching: LHP Adam Parrish
|
|
|
Now at 1B: Tai Joo
|
|
|
Now at SS: Kinzo Yokoyama
|
|
|
Pinch Hitting: RHB Ryan Pelletier
|
0-0: SINGLE (Groundball, 34D, EV 101.9 MPH)
|
|
Batting: RHB Nick Lombardo
|
0-0: Foul Ball, location: 2F 0-1: Ball 1-1: Ball 2-1: Swinging Strike 2-2: Foul Ball, location: 2F 2-2: Ball 3-2: Base on Balls Ryan Pelletier to second
|
|
Batting: RHB T.J. Gray
|
0-0: Fly out, F7 (Flyball, 78S, EV 86.9 MPH)
|
|
Batting: SHB Tim Connell
|
0-0: Ball 1-0: Fielders Choice at 2nd, 6-4 (Groundball, 6, EV 87.5 MPH) Ryan Pelletier to third
|
|
Batting: RHB Ricky Mejicanos
|
0-0: Called Strike 0-1: Ball 1-1: Fly out, F8 (Flyball, 8RXD, EV 105.0 MPH)
|
| Top of the 10th over - 0 runs, 1 hit, 0 errors, 2 left on base; Arkansas 7 - Jackson 7 |
| BOTTOM OF THE 10TH |
|
Jackson Generals batting - Pitching for Arkansas Travelers : RHP Bartholomeu Voivodic
|
|
Pitching: RHP Jason Smallwood
|
|
|
Now at 1B: Dan Thomey
|
|
|
Batting: RHB Jeff Cox
|
0-0: Ball 1-0: Ball 2-0: Called Strike 2-1: SINGLE (Line Drive, 8RS, EV 91.9 MPH)
|
|
Batting: RHB Tai Joo
|
0-0: Ball 1-0: Swinging Strike 1-1: Ball 2-1: Fly out, F8 (Flyball, 8LM, EV 95.0 MPH)
|
|
Batting: RHB Jesus Santiago
|
0-0: Called Strike 0-1: Ball 1-1: Ball 2-1: DOUBLE (Flyball, 78D, EV 111.9 MPH) Jeff Cox to third
|
|
Batting: RHB Mike Conaway
|
0-0: Ball 1-0: SINGLE (Line Drive, 78S, EV 106.2 MPH) Jeff Cox scores
|
| Bottom of the 10th over - 1 run, 3 hits, 0 errors, 2 left on base; Arkansas 7 - Jackson 8 |
|